 Dungeon Crawl Stone Soup version 0.20.1-1-g8b1a95d (webtiles) character file.

112 polve the Chopper (level 4, -8/33 HPs)
             Began as a Demonspawn Gladiator on July 7, 2017.
             Killed by divine providence
             ... invoked by an orc priest
              (16 damage)
             ... on level 3 of the Dungeon.
             The game lasted 00:02:30 (2599 turns).

polve the Chopper (Demonspawn Gladiator)            Turns: 2599, Time: 00:02:30

Health: -8/33      AC: 10    Str: 15    XL:     4   Next: 64%
Magic:  4/4        EV: 13    Int:  9    God:
Gold:   89         SH:  0    Dex: 15    Spells: 3/3 levels left

rFire    . . .     SeeInvis .     - Unarmed
rCold    . . .     Gourm    +   (no shield)
rNeg     . . .     Faith    .   b - +0 leather armour
rPois    .         Spirit   .   c - +0 helmet
rElec    .         Reflect  .   (no cloak)
rCorr    .         Harm     .   (no gloves)
MR       .....                  (no boots)
Stlth    ++........             k - amulet of the gourmand
Regen    0.2/turn               (no ring)
MPRegen  0.1/turn               (no ring)

@: sanguine armour
A: claws 1, nightstalker 1, sanguine armour 1
a: no special abilities


You were on level 3 of the Dungeon.
You were completely stuffed.

You visited 1 branch of the dungeon, and saw 3 of its levels.

You collected 89 gold pieces.

Inventory:

Missiles
 d - 3 throwing nets (quivered)
Armour
 b - a +0 leather armour (worn)
 c - a +0 helmet (worn)
Jewellery
 k - an amulet of the gourmand (around neck)
 n - an uncursed ring of magical power {unknown}
Scrolls
 e - a scroll of blinking {unknown}
 g - a scroll of noise {unknown}
 o - 2 scrolls of random uselessness {unknown}
 p - a scroll of identify {unknown}
Potions
 i - a potion of berserk rage {unknown}
 j - 3 potions of heal wounds {unknown}
 m - a potion of haste {unknown}
Books
 a - a book of Misfortune

   Spells                             Type                      Level
   a - Confusing Touch                Hexes                        1
   b - Confuse                        Hexes                        3
   c - Gell's Gravitas                Translocation                3
   d - Petrify                        Transmutation/Earth          4
   e - Metabolic Englaciation         Hexes/Ice                    5
   f - Yara's Violent Unravelling     Hexes/Transmutation          5
Comestibles
 f - 3 bread rations
 h - a meat ration
 l - a royal jelly


   Skills:
 - Level 2.0 Fighting
   Level 3.8 Axes
 - Level 1.7 Throwing
 + Level 2.0 Armour
 - Level 2.6 Dodging
 + Level 1.7 Unarmed Combat


You had 3 spell levels left.
You didn't know any spells.

Dungeon Overview and Level Annotations

Branches:
Dungeon (3/15)

Altars:
Fedhas


Innate Abilities, Weirdness & Mutations

You have sharp fingernails.
You are slightly more attuned to the shadows.
When seriously injured, your bleeding wounds create armour. (AC +6)


Message History

The orc priest barely misses you.
You scratch the orc priest but do no damage.
The orc priest is severely wounded.
The orc priest misses you.
You barely miss the orc priest.
The orc priest is severely wounded.
You scratch the orc priest but do no damage.
The orc priest is severely wounded.
The orc priest barely misses you.
You claw the orc priest!
You kill the orc priest!
Your Armour skill increases to level 2!
The orc priest begins to cast a cantrip, but forgets the words!
The orc throws a stone.
The stone closely misses you.
You closely miss the orc. The orc hits you but does no damage.
You barely miss the orc. The orc hits you but does no damage.
The orc throws a stone.
The stone misses you.
The orc priest invokes the aid of Beogh against you.
Beogh smites you!
You die...

#....#....#####(#
###.##...........
....>..##.###.#
..###...).....#
##.#†.######
#?#........
..#..#####.
..#########.##
...ooo..@.((.#
#...o####†...#
#... #.......#
... #.......# #.
#......## #
#......# #......#
#......# #......#


You could see an orc priest and 3 orcs.

Vanquished Creatures
  An orc priest (D:3)
  An adder (D:2)
  2 oozes (D:2)
  3 worms (D:2)
  2 dart slugs
  3 leopard geckos (D:2)
  An orc (D:3)
  A giant cockroach (D:1)
  7 goblins
  4 hobgoblins
  4 jackals (D:1)
  4 quokkas (D:2)
  A ball python (D:1)
  2 bats (D:2)
  3 frilled lizards
  6 kobolds
  4 rats
49 creatures vanquished.

Notes
Turn   | Place    | Note
-------+----------+-------------------------------------------
     0 | D:1      | polve the Demonspawn Gladiator began the quest for the Orb.
     0 | D:1      | Reached XP level 1. HP: 16/16 MP: 1/1
   104 | D:1      | Reached skill level 3 in Axes
   302 | D:1      | Gained mutation: When seriously injured, your bleeding wounds create armour. (AC +6) [demonic ancestry]
   302 | D:1      | Reached XP level 2. HP: 22/22 MP: 2/2
  1014 | D:2      | Gained mutation: You have sharp fingernails. [demonic ancestry]
  1014 | D:2      | Reached XP level 3. HP: 16/27 MP: 3/3
  1255 | D:2      | Found a blossoming altar of Fedhas.
  1558 | D:2      | Reached skill level 1 in Armour
  2119 | D:2      | Reached skill level 1 in Unarmed Combat
  2119 | D:2      | Gained mutation: You are slightly more attuned to the shadows. [demonic ancestry]
  2119 | D:2      | Reached XP level 4. HP: 24/33 MP: 4/4
  2599 | D:3      | Killed from afar by an orc priest

Skill      XL: |  1  2  3  4 |
---------------+-------------+-----
Axes           | 3 |  3.8
Armour         | 1 2 |  2.0
Unarmed Combat | 1 |  1.7
Fighting       | |  2.0
Throwing       | |  1.7
Dodging        | |  2.6

Action                   |  1- 3 |  4- 6 || total
-------------------------+-------+-------++-------
Melee: War axe           |    70 |       ||    70
       Unarmed           |   111 |    51 ||   162
 Stab: Sleeping          |     1 |     1 ||     2
  Eat: Chunk             |    17 |     2 ||    19
Armor: Leather armour    |    52 |    17 ||    69
Dodge: Dodged            |   108 |    23 ||   131
